 Dungeon Crawl Stone Soup version 0.28.0-49-g6dfe1f597d (webtiles) character file.

Game seed: 8077842182747353731

9 urmum the Ruffian (level 2, 0/29 HPs)
             Began as a Troll Berserker on May 11, 2022.
             Was a Follower of Trog.
             Slain by a gnoll
             ... wielding a +0 whip
              (7 damage)
             ... on level 3 of the Dungeon.
             The game lasted 00:03:47 (159 turns).

urmum the Ruffian (Troll Berserker)                  Turns: 159, Time: 00:03:47

Health: 0/29       AC:  4    Str: 24    XL:     2   Next: 3%
Magic:  1/1        EV: 10    Int:  3    God:    Trog [*.....]
Gold:   13         SH:  0    Dex:  9    Spells: 1/1 levels left

rFire   . . .      SeeInvis .     - Unarmed
rCold   . . .      Faith    .   (no shield)
rNeg    . . .      Spirit   .   a - +0 animal skin
rPois   .          Reflect  .   (helmet restricted)
rElec   .          Harm     .   (no cloak)
rCorr   .          Rampage  .   (gloves unavailable)
Will    .....                   (boots unavailable)
Stlth   +.........              (no amulet)
HPRegen 0.89/turn               (no ring)
MPRegen 0.07/turn               (no ring)

@: no status effects
A: large, unfitting armour, claws 3, regeneration 1, shaggy fur 1, tough skin 1
a: Renounce Religion, Berserk


You were on level 3 of the Dungeon.
You worshipped Trog.
Trog was aware of your devotion.
You visited 1 branch of the dungeon, and saw 3 of its levels.

You collected 13 gold pieces.

Inventory:

Armour
 a - a +0 animal skin (worn)
 c - a +0 leather armour
Jewellery
 b - a ring of willpower


   Skills:
 + Level 2.6 Fighting
 + Level 2.5 Dodging
 + Level 3.2 Unarmed Combat


You had one spell level left.
You didn't know any spells.
Your spell library was empty.

Dungeon Overview and Level Annotations

Branches:
Dungeon (3/15)

Altars:


Innate Abilities, Weirdness & Mutations

You are too large for most types of armour.
You have claws for hands.
Your natural rate of healing is unusually fast.
You are covered in fur. (AC +1)
You have tough skin. (AC +1)


Message History

You kill the frilled lizard!
Trog accepts your kill.
HP restored.
Found a stone staircase leading down.
A hound and a gnoll come into view.
Found a crude whip.
The hound barks!
You hear a shout!
A gnoll comes into view. It is wielding a +0 whip.
Found a dented jasper amulet.
The gnoll shouts!
You hear a shout!
A gnoll comes into view. It is wielding a +0 whip.
The gnoll shouts!
A rat comes into view.
A gnoll comes into view. It is wielding a +0 halberd.
The hound pauses to sniff the ground.
You closely miss the hound.
The gnoll shouts!
The hound bites you but does no damage.
You scratch the hound but do no damage. You claw the hound!
The hound is heavily wounded.
The hound bites you but does no damage. The gnoll hits you with a +0 club!
You closely miss the hound.
The hound is heavily wounded.
The hound bites you. The gnoll hits you with a +0 whip.
The hound bites you but does no damage. The gnoll hits you with a +0 club!
* * * LOW HITPOINT WARNING * * *
The hound barely misses you. The hound bites you.
* * * LOW HITPOINT WARNING * * *
The hound bites you.
* * * LOW HITPOINT WARNING * * *
The hound barely misses you.
There is a stone staircase leading down here.
The hound bites you but does no damage. The hound bites you.
* * * LOW HITPOINT WARNING * * *
You climb downwards.
Found 18 arrows.
There is a stone staircase leading up here.
The hound barely misses you. The gnoll hits you with a +0 whip!
You die...

.......
..... .....
.... #..#
#..####
#.##.h...###
#...@g......
########+###


You could see a hound and a gnoll.

Vanquished Creatures
  2 ball pythons
  2 endoplasms
  A quokka (D:1)
  A frilled lizard (D:2)
  A kobold (D:2)
  2 rats
9 creatures vanquished.

Notes
Turn   | Place    | Note
-------+----------+-------------------------------------------
     0 | D:1      | urmum the Troll Berserker began the quest for the Orb.
     0 | D:1      | Reached XP level 1. HP: 22/22 MP: 0/0
   125 | D:2      | Reached XP level 2. HP: 25/29 MP: 1/1
   159 | D:3      | Slain by a gnoll

Illustrated notes

Levels and vault maps discovered:
D:1:      lightli_arrival_quake, layout_basic, serial_shops,
          nicolae_shop_overgrown_old_shop,
          dreamdust_ecumenical_altar_angels_and_demons
D:2:      layout_rooms, grunt_ministairs_2, minmay_cupped
D:3:      layout_rooms, minmay_overflow_temple_star_hex,
          ebering_ghost_rock_garden, serial_undead, serial_undead_a,
          serial_undead_d, serial_undead_f, serial_undead_e, kennysheep_doodads,
          kennysheep_generic_room_16

Action                   || total
-------------------------++-------
Melee: Unarmed           ||    28
       Punch             ||     1
Armor: Animal skin       ||    12
Dodge: Dodged            ||    12
